General information
- name: BNet
- type: Ladder 1vs1/FFA
- host: Battle.net
- saver: ROTS19
map: TurtleRock
- players: 2
- length: 23:32
- speed: Fast
- version: 1.24 W3XP
- replay type: Public
» download(66 KB)
Players
team 1 (loser)

»
Guitar-God (
yellow | 36 APM | 844 actions | 23:31)
4 Death Knight
2 Death Coil
2 Unholy Aura
» actions
| Assign group hotkey | 12 | |
| Basic commands | 84 | |
| Build / train | 49 | |
| Enter build submenu | 20 | |
| Enter hero's abilities submenu | 5 | |
| Right click | 303 | |
| Select / deselect | 327 | |
| Select group hotkey | 7 | |
| Use ability | 37 | |
844 total
» units
| Acolyte | 5 | |
| Ghoul | 4 | |
| Gargoyle | 8 | |
| Crypt Fiend | 1 | |
| Frost Wyrm | 4 | |
22 total
» upgrades
| Creature Attack | 3 | |
| Creature Carapace | 2 | |
| Freezing Breath | 1 | |
6 total
» buildings
| Altar of Darkness | 1 | |
| Ziggurat | 7 | |
| Crypt | 3 | |
| Graveyard | 1 | |
| Halls of the Dead | 1 | |
| Spirit Tower | 3 | |
| Nerubian Tower | 2 | |
| Tomb of Relics | 1 | |
| Black Citadel | 1 | |
| Sacrificial Pit | 1 | |
| Boneyard | 2 | |
23 total
» build order
00:08 Altar of Darkness
00:11 Ziggurat
00:14 Crypt
01:29 Graveyard
02:07 Ziggurat
02:56 Halls of the Dead
03:24 Spirit Tower
04:19 Crypt
04:27 Crypt
04:33 Nerubian Tower
06:02 Ziggurat
08:17 Ziggurat
09:59 Tomb of Relics
10:02 Spirit Tower
10:08 Ziggurat
10:24 Black Citadel
11:15 Spirit Tower
13:09 Sacrificial Pit
14:03 Boneyard
14:22 Nerubian Tower
16:42 Boneyard
16:52 Ziggurat
16:57 Ziggurat
» items
| Potion of Healing | 6 | |
| Orb of Corruption | 1 | |
| Scroll of Town Portal | 1 | |
8 total
team 2 (winner)

»
ROTS19 (
purple | 69 APM | 1622 actions | 23:32)
3 Blademaster
2 Wind Walk
1 Critical Strike
3 Shadow Hunter
1 Hex
2 Healing Wave
» actions
| Assign group hotkey | 54 | |
| Build / train | 78 | |
| Enter build submenu | 16 | |
| Enter hero's abilities submenu | 6 | |
| Give item / drop item | 2 | |
| Remove unit from queue | 2 | |
| Right click | 924 | |
| Select / deselect | 297 | |
| Select group hotkey | 142 | |
| Use ability | 101 | |
1622 total
» units
| Peon | 11 | |
| Grunt | 7 | |
| Troll Headhunter/Berserker | 12 | |
| Raider | 5 | |
| Spirit Walker | 1 | |
36 total
» upgrades
| Armor | 2 | |
| Melee Weapons | 1 | |
| Troll Regeneration | 1 | |
| Berserker Strength | 1 | |
| Ensnare | 1 | |
| Spirit Walker Training | 2 | |
| Ranged Weapons | 2 | |
| Reinforced Defenses | 1 | |
| Berserker Upgrade | 1 | |
12 total
» buildings
| Altar of Storms | 1 | |
| Orc Burrow | 4 | |
| Barracks | 1 | |
| Voodoo Lounge | 1 | |
| War Mill | 1 | |
| Stronghold | 1 | |
| Watch Tower | 3 | |
| Beastiary | 1 | |
| Spirit Lodge | 1 | |
| Fortress | 1 | |
15 total
» build order
00:07 Altar of Storms
00:12 Orc Burrow
01:02 Barracks
01:31 Voodoo Lounge
01:36 Orc Burrow
02:31 Orc Burrow
03:11 War Mill
05:17 Stronghold
05:20 Orc Burrow
06:05 Watch Tower
07:00 Watch Tower
07:01 Watch Tower
08:27 Beastiary
08:39 Spirit Lodge
16:37 Fortress
» items
| Healing Salve | 3 | |
| Lesser Clarity Potion | 5 | |
| Scroll of Speed | 1 | |
| Orb of Lightning | 1 | |
| Potion of Mana | 1 | |
| Potion of Healing | 3 | |
14 total
Chat log
(06:32 / All) ROTS19: wow this games game
(06:33 / All) ROTS19: gay
(19:39 / All) ROTS19: stop being gay